 Dungeon Crawl Stone Soup version 0.27-a0-1065-ge809cff456 (webtiles) character file.

Game seed: 8966972145970138044

3 senseless the Cudgeller (level 1, -2/18 HPs)
             Began as a Human Monk on Apr 22, 2021.
             Slain by a kobold
             ... wielding a +0 whip
              (4 damage)
             ... on level 1 of the Dungeon.
             The game lasted 00:00:41 (49 turns).

senseless the Cudgeller (Human Monk)                  Turns: 49, Time: 00:00:41

Health: -2/18      AC:  2    Str: 11    XL:     1   Next: 55%
Magic:  1/1        EV: 13    Int: 10    God:
Gold:   0          SH:  0    Dex: 15    Spells: 0/0 levels left

rFire    . . .     SeeInvis .   a - +0 mace
rCold    . . .     Faith    .   (no shield)
rNeg     . . .     Spirit   .   b - +0 robe
rPois    .         Reflect  .   (no helmet)
rElec    .         Harm     .   (no cloak)
rCorr    .         Rampage  .   (no gloves)
Will     .....                  (no boots)
Stlth    ++........             (no amulet)
HPRegen  0.06/turn              (no ring)
MPRegen  0.07/turn              (no ring)

@: no status effects
A: no striking features
a: no special abilities


You were on level 1 of the Dungeon.
You visited 1 branch of the dungeon, and saw 1 of its levels.

Inventory:

Hand Weapons
 a - a +0 mace (weapon)
Armour
 b - a +0 robe (worn)


   Skills:
 + Level 3.0 Fighting
 + Level 3.1 Maces & Flails
 + Level 3.0 Dodging
 + Level 2.1 Stealth


You couldn't memorise any spells.
You didn't know any spells.
Your spell library was empty.

Dungeon Overview and Level Annotations

Branches:
Dungeon (1/15)

Altars:


Message History

A dart slug comes into view.
The endoplasm misses you.
You hit the endoplasm but do no damage.
The endoplasm is almost dead.
The ball python bites you but does no damage.
The ball python misses you. x2; The ball python grabs you.
The ball python constricts you. The endoplasm freezes you.
You are frozen.
You escape the ball python's grasp.
You hit the endoplasm.
You kill the endoplasm!
The ball python closely misses you. The ball python grabs you.
The ball python constricts you.
You hit the ball python.
The ball python is moderately wounded.
The ball python barely misses you. The ball python constricts you.
You hit the ball python.
You kill the ball python!
The frilled lizard closely misses you.
You closely miss the frilled lizard.
The frilled lizard completely misses you.
You barely miss the frilled lizard. The frilled lizard bites you.
You are too injured to fight recklessly!
You are too injured to fight recklessly!
You are too injured to fight recklessly!
You hit the frilled lizard but do no damage.
The frilled lizard bites you.
You closely miss the frilled lizard. The frilled lizard closely misses you.
The frilled lizard barely misses you.
You sock the frilled lizard!
You kill the frilled lizard!
You hit the kobold.
The kobold is moderately wounded.
The kobold hits you with a +0 whip.
* * * LOW HITPOINT WARNING * * *
You miss the kobold.
The kobold is moderately wounded.
The kobold hits you with a +0 whip.
You die...

#......... #.........
#......... #.........
#......... #.........
#.############†........
#...........@Kw........
#######.########.#+####
####...#)# ...
#..#.#.#.# ..#.#
#.##.###.# ..l w#
#........# ..#( $#
#+##.....# .#.#. .
#.......## ..# #.
#.##.####


You could see a dart slug and a kobold.

Vanquished Creatures
  An endoplasm (D:1)
  A ball python (D:1)
  A bat (D:1)
  A frilled lizard (D:1)
4 creatures vanquished.

Notes
Turn   | Place    | Note
-------+----------+-------------------------------------------
     0 | D:1      | senseless the Human Monk began the quest for the Orb.
     0 | D:1      | Reached XP level 1. HP: 18/18 MP: 1/1
    49 | D:1      | Slain by a kobold

Illustrated notes

Levels and vault maps discovered:
D:1:      onia_arrival_mini_spirals, layout_basic, serial_shops, shop,
          minmay_tiny_reverse_x

Action                   || total
-------------------------++-------
Melee: Mace              ||    15
Armor: Robe              ||     1
Dodge: Dodged            ||    15

Table legend: (Time is in decaauts)
 A = Elapsed time spent in this place.
 B = Non-inter-level travel time spent in this place.
 C = Inter-level travel time spent in this place.
 D = Time resting spent in this place.
 E = Time spent auto-exploring this place.
 F = Levels seen in this place.
 G = Mean time per level.
                   A        B        C        D        E       F      G
               +--------+--------+--------+--------+--------+-----+--------+
         Total |     52 |     52 |      0 |      0 |     26 |   1 |   52.0 |
       Dungeon |     52 |     52 |      0 |      0 |     26 |   1 |   52.0 |
               +--------+--------+--------+--------+--------+-----+--------+

Top non-repeatable levels by time:
     D:1: 52 daAuts
